 Dungeon Crawl Stone Soup version 0.20.1-1-g8b1a95d (webtiles) character file.

2318 DocClef the Cleaver (level 9, 0/86 HPs)
             Began as a Minotaur Fighter on Aug 28, 2017.
             Was a Priest of Makhleb.
             Slain by an orc warrior
             ... wielding a +0 glaive
              (10 damage)
             ... on level 7 of the Dungeon.
             The game lasted 00:13:41 (5264 turns).

DocClef the Cleaver (Minotaur Fighter)              Turns: 5264, Time: 00:13:43

Health: 0/86       AC: 12    Str: 29    XL:     9   Next: 18%
Magic:  8/8        EV:  8    Int:  5    God:    Makhleb [***...]
Gold:   80         SH:  0    Dex: 10    Spells: 8/8 levels left

rFire    . . .     SeeInvis .   a - +1 war axe
rCold    . . .     Gourm    .   (no shield)
rNeg     . . .     Faith    .   s - +0 chain mail
rPois    .         Spirit   .   (helmet restricted)
rElec    .         Reflect  .   (no cloak)
rCorr    .         Harm     +   j - +2 pair of gloves
MR       .....                  (no boots)
Stlth    ..........             p - amulet of harm
Regen    0.3/turn               (no ring)
MPRegen  0.2/turn               (no ring)

@: mighty
A: retaliatory headbutt, horns 2
a: Minor Destruction, Lesser Servant of Makhleb, Renounce Religion


You were on level 7 of the Dungeon.
You worshipped Makhleb.
Makhleb was most pleased with you.
You were not hungry.

You visited 2 branches of the dungeon, and saw 8 of its levels.
You also visited: Sewer.

You collected 290 gold pieces.
You spent 210 gold pieces at shops.

Inventory:

Hand Weapons
 a - a +1 war axe (weapon)
Armour
 j - a +2 pair of gloves (worn)
 s - a +0 chain mail (worn)
Jewellery
 p - an amulet of harm (around neck)
Wands
 x - a wand of random effects (36/48)
 C - a wand of scattershot (3/9)
 D - a wand of acid (7/15)
 E - a wand of acid (7/15)
Scrolls
 b - 4 scrolls of identify
 e - 5 scrolls of remove curse
 i - 4 scrolls of fog
 l - 4 scrolls of teleportation
 q - 2 scrolls of enchant weapon
 u - 2 scrolls of immolation
 v - a scroll of fear
 y - a scroll of vulnerability
 z - a scroll of amnesia
 B - a scroll of summoning
Potions
 c - a potion of haste {unknown}
 h - 8 potions of curing
 k - 3 potions of brilliance
 m - 3 potions of flight
 o - a potion of ambrosia
 w - a potion of invisibility
 A - a potion of lignification {unknown}
 F - 2 potions of agility {unknown}
Comestibles
 f - 2 bread rations
 g - 4 fruits
 r - 2 royal jellies
 t - 3 meat rations
 G - 2 chunks of flesh


   Skills:
 - Level 10.3 Fighting
 * Level 11.1 Axes
 - Level 3.6 Armour
   Level 3.6 Shields


You had 8 spell levels left.
You didn't know any spells.

Dungeon Overview and Level Annotations

Branches:
Dungeon (7/15)             Temple (1/1) D:4

Altars:
Ashenzari
Cheibriados
Dithmenos
Elyvilon
Fedhas
Kikubaaqudgha
Makhleb
Nemelex Xobeh
Okawaru
Qazlal
Ru
Trog
Zin
The Shining One

Shops:
D:6 ?!}?[

Annotations:
D:7 antares's ghost, novice MfGl


Innate Abilities, Weirdness & Mutations

You reflexively headbutt those who attack you in melee.
You have a pair of horns on your head.


Message History

You feel much better.
You feel very mighty all of a sudden.
The orc warrior hits you from afar with a glaive!!
The orc warrior hits you with a glaive!
* * * LOW HITPOINT WARNING * * *
Antares's ghost barely misses you.
You closely miss antares's ghost. Your headbutt misses antares's ghost.
You hit the orc warrior.
The orc warrior hits you but does no damage.
You slash antares's ghost! Your headbutt misses antares's ghost.
Antares's ghost is lightly damaged.
You hit the orc warrior.
Antares's ghost hits you but does no damage.
You barely miss antares's ghost. Your headbutt misses antares's ghost.
Antares's ghost is lightly damaged.
Your chain mail prevents you from hitting the orc warrior.
Antares's ghost hits you!
* * * LOW HITPOINT WARNING * * *
The orc warrior hits you with a glaive!
You die...

### ..# # ####################
#.# #.#...........#)...#.. #.#
#.'.oW)......)')...'.. #.#...P≈≈#
#'#.)@........#.).)#.. #.#....≈≈#
#############''''### #.#....≈≈#
o. .................
#.#....≈≈##### ≈≈≈≈≈≈≈≈≈≈≈....≈≈≈
#.#....≈≈≈≈≈≈≈≈≈≈≈≈≈≈≈≈≈≈≈....≈≈≈
..#....≈≈≈≈≈≈≈≈≈≈≈≈≈≈≈≈≈≈≈....≈≈≈
#.#.....P........................
..........................>..)...
#.#............................#.


You could see an orc warrior and antares's ghost.

Vanquished Creatures
  3 wargs (D:7)
  An ice beast (D:6)
  A necrophage (D:6)
  A hornet zombie (D:6)
  A phantom (D:7)
  An ogre (D:6)
  2 centaurs
  2 big kobolds
  4 bullfrogs
  2 scorpions
  4 killer bees (D:7)
  A howler monkey (D:6)
  A crimson imp (D:5)
  2 quasits
  An orc priest (D:7)
  2 orc wizards
  A bullfrog skeleton (D:5)
  2 iguanas
  Terence (D:2)
  A worker ant (D:6)
  A howler monkey skeleton (D:5)
  9 adders
  8 river rats (Sewer)
  An ooze (Sewer)
  4 worms
  3 dart slugs
  7 leopard geckos
  21 orcs
  4 giant cockroaches
  7 goblins
  13 hobgoblins
  9 jackals
  26 kobolds
  4 quokkas
  7 ball pythons
  A ball python skeleton (D:4)
  9 bats
  6 frilled lizards
  A jackal skeleton (D:4)
  A quokka zombie (D:6)
  24 rats
200 creatures vanquished.

Notes
Turn   | Place    | Note
-------+----------+-------------------------------------------
     0 | D:1      | DocClef the Minotaur Fighter began the quest for the Orb.
     0 | D:1      | Reached XP level 1. HP: 19/19 MP: 0/0
   175 | D:1      | Reached XP level 2. HP: 22/27 MP: 1/1
   531 | D:1      | Reached skill level 5 in Fighting
   548 | D:1      | Reached XP level 3. HP: 32/36 MP: 2/2
   687 | D:2      | Noticed Terence
   694 | D:2      | Killed Terence
   856 | D:2      | Reached XP level 4. HP: 32/44 MP: 3/3
  1554 | D:3      | Found a snail-covered altar of Cheibriados.
  1821 | D:3      | Reached XP level 5. HP: 50/51 MP: 4/4
  2463 | D:4      | Found a staircase to the Ecumenical Temple.
  2686 | D:4      | Found a sacrificial altar of Ru.
  2777 | D:4      | Reached XP level 6. HP: 49/61 MP: 5/5
  3051 | D:5      | Entered Level 5 of the Dungeon
  3107 | Temple   | Entered the Ecumenical Temple
  3145 | Temple   | Became a worshipper of Makhleb the Destroyer
  3309 | D:5      | Reached XP level 7. HP: 69/70 MP: 6/6
  3311 | D:5      | Found a glowing drain.
  3320 | Sewer    | Entered a sewer
  3403 | Sewer    | Reached skill level 10 in Fighting
  3426 | Sewer    | Reached * piety under Makhleb
  3599 | Sewer    | Reached ** piety under Makhleb
  3837 | D:5      | Reached skill level 3 in Axes
  3922 | D:5      | Found a sparkling altar of Nemelex Xobeh.
  4133 | D:6      | Found Guneok's Magic Scroll Emporium.
  4142 | D:6      | Bought a scroll of vulnerability for 90 gold pieces
  4142 | D:6      | Bought a scroll of immolation for 42 gold pieces
  4142 | D:6      | Bought a scroll of remove curse for 36 gold pieces
  4142 | D:6      | Bought a scroll of amnesia for 42 gold pieces
  4153 | D:6      | Found Inisuiqi's Distillery.
  4185 | D:6      | Found Unuary's Magic Scroll Boutique.
  4204 | D:6      | Reached skill level 4 in Axes
  4214 | D:6      | Reached skill level 5 in Axes
  4241 | D:6      | Found Vaocuc's Gadget Shoppe.
  4268 | D:6      | Reached XP level 8. HP: 76/80 MP: 7/7
  4287 | D:6      | Found a stormy altar of Qazlal.
  4328 | D:6      | Reached skill level 6 in Axes
  4344 | D:6      | Reached skill level 7 in Axes
  4361 | D:6      | Found Ytte's Armour Emporium.
  4395 | D:6      | Found a glowing golden altar of the Shining One.
  4671 | D:7      | Reached skill level 8 in Axes
  4720 | D:7      | Reached skill level 9 in Axes
  5021 | D:7      | Found an ancient bone altar of Kikubaaqudgha.
  5068 | D:7      | Reached skill level 10 in Axes
  5106 | D:7      | Reached XP level 9. HP: 86/86 MP: 8/8
  5114 | D:7      | Reached *** piety under Makhleb
  5180 | D:7      | Reached skill level 11 in Axes
  5257 | D:7      | Noticed antares's ghost (novice MfGl)
  5264 | D:7      | Slain by an orc warrior

Skill      XL: |  1  2  3  4  5  6  7  8  9 |
---------------+----------------------------+-----
Fighting       | 4 5 6 8 9 10 | 10.3
Axes           | 5 10 11 | 11.1
Armour         | |  3.6
Shields        | |  3.6

Action                   |  1- 3 |  4- 6 |  7- 9 || total
-------------------------+-------+-------+-------++-------
Melee: War axe           |    96 |   162 |   214 ||   472
       Headbutt          |    10 |    20 |    35 ||    65
  Use: Scroll            |       |    11 |     6 ||    17
       Potion            |       |       |     8 ||     8
  Eat: Chunk             |       |     8 |     7 ||    15
Armor: Scale mail        |    64 |    27 |       ||    91
       Chain mail        |       |    68 |   150 ||   218
Dodge: Dodged            |    31 |    49 |    84 ||   164
Block: Shield            |    63 |   101 |   123 ||   287
